 Dungeon Crawl Stone Soup version 0.24-a0-537-g2d01d4ab0a (webtiles) character file.

Game seed: 11832351758276401159

161 RedPan the Sneak (level 5, -4/24 HPs)
             Began as a Spriggan Enchanter on Aug 13, 2019.
             Was an Initiate of Kikubaaqudgha.
             Slain by Grinder (5 damage)
             ... on level 3 of the Dungeon.
             The game lasted 00:11:22 (3818 turns).

RedPan the Sneak (Spriggan Enchanter)               Turns: 3818, Time: 00:11:22

Health: -4/24      AC:  2    Str:  4    XL:     5   Next: 18%
Magic:  1/10       EV: 19    Int: 18    God:    Kikubaaqudgha [......]
Gold:   164        SH:  0    Dex: 16    Spells: 0/9 levels left

rFire    . . .     SeeInvis +   l - +1 dagger (freeze)
rCold    . . .     Gourm    .   (shield restricted)
rNeg     . . .     Faith    .   b - +0 robe
rPois    .         Spirit   .   (helmet restricted)
rElec    .         Reflect  .   (no cloak)
rCorr    .         Harm     .   (gloves unavailable)
MR       .....                  (boots unavailable)
Stlth    +++.......             (no amulet)
HPRegen  0.08/turn              (no ring)
MPRegen  0.12/turn              (no ring)

@: very quick
A: very small, unfitting armour, see invisible, herbivore, speed 3, slow
metabolism 2
a: Renounce Religion


You were on level 3 of the Dungeon.
You worshipped Kikubaaqudgha.
Kikubaaqudgha was noncommittal.
You were very hungry.

You visited 1 branch of the dungeon, and saw 3 of its levels.

You collected 164 gold pieces.

Inventory:

Hand Weapons
 k - a +2 short sword of freezing
 l - a +1 dagger of freezing (weapon)
Armour
 b - a +0 robe (worn)
Wands
 o - a wand of disintegration (14)
Scrolls
 c - 3 scrolls of remove curse {unknown}
 f - 4 scrolls of identify {unknown}
 j - a scroll of amnesia {unknown}
 n - a scroll of teleportation {unknown}
 p - a scroll of enchant weapon {unknown}
Potions
 a - 2 potions of cancellation {unknown}
 e - a potion of might {unknown}
 g - a potion of curing {unknown}
 h - a potion of lignification {unknown}
 i - 2 potions of heal wounds {unknown}
 m - a potion of magic {unknown}
Comestibles
 d - 5 rations


   Skills:
 + Level 2.4 Short Blades
 + Level 4.2 Dodging
 + Level 5.9 Stealth
 - Level 2.6 Spellcasting
 - Level 5.0 Hexes
 - Level 1.0 Ice Magic


You couldn't memorise any spells.
You knew the following spells:

 Your Spells              Type           Power        Failure   Level  Hunger
a - Corona                Hex            ###....      2%          1    #......
b - Ensorcelled Hibernat  Hex/Ice        ##....       8%          2    ##.....
c - Confuse               Hex            ###.....     6%          3    ###....
d - Tukima's Dance        Hex            ###.....     6%          3    ###....

Your spell library contained the following spells:

 Spells                   Type           Power        Failure   Level  Hunger
 Dazzling Spray           Conj/Hex       ##....       19%         3    ###....


Dungeon Overview and Level Annotations

Branches:
Dungeon (3/15)

Altars:
Elyvilon
Gozag
Hepliaklqana
Kikubaaqudgha
Vehumet
Wu Jian

Annotations:
D:3 1 runed translucent door, Crazy Yiuf, Grinder


Innate Abilities, Weirdness & Mutations

You are very small and have problems with some larger weapons.
You are too small for most types of armour.
You have supernaturally acute eyesight. (SInv)
You are a herbivore.
You cover ground extremely quickly.
You need to consume almost no food.


Message History

Confirm with . or Enter, or press ? or * to list all spells.
Aiming: Confuse (safe; 6% risk of failure)
Press: ? - help, Shift-Dir - straight line, f/p - Grinder
Aim: Grinder (chance to defeat MR: 50%) Grinder resists with some effort.
Grinder misses you.
Casting: Confuse (safe; 6% risk of failure)
Confirm with . or Enter, or press ? or * to list all spells.
Aiming: Confuse (safe; 6% risk of failure)
Press: ? - help, Shift-Dir - straight line, f/p - Grinder
Aim: Grinder (chance to defeat MR: 50%) Grinder appears confused.
Grinder closely misses you.
You hit Grinder but do no damage. You hit Grinder but do no damage.
Grinder hits you!
You writhe in agony.
You hit Grinder but do no damage. You hit Grinder but do no damage.
Grinder hits you!
* * * LOW HITPOINT WARNING * * *
You writhe in agony.
You die...
Kikubaaqudgha rasps: "You have failed me!
Welcome... death!"

####.#.####......#..#..........#
....................#.###......#
.###....#####....##.#.###..##..##
.###.†#.#####.#.###.#.##.>.......
...........##....##.#.##..(.#..##
.#..#...#...........#.......#..#
.#.###.###..##...#######.......#
....#...#..###.5.# #.##..###
##...._....###..@#######.......##
.#..#...#...##........##.##..#.##
.#.###.###......................#
.#..#...#......>..........#......
.#........................##.#..#
.#.>..########...####.#......#..#
.####.# #........#.........# ##
#.# #...######......##.# #.#
#.._# ######........


You could see Grinder (confused).

Vanquished Creatures
  Jessica (D:2)
  Ijyb (D:3)
  3 adders
  3 oozes
  2 worms (D:2)
  A leopard gecko (D:1)
  3 giant cockroaches
  12 goblins
  4 hobgoblins
  3 quokkas
  2 ball pythons
  9 bats
  9 frilled lizards
  8 kobolds
  2 rats
63 creatures vanquished.

Notes
Turn   | Place    | Note
-------+----------+-------------------------------------------
     0 | D:1      | RedPan the Spriggan Enchanter began the quest for the Orb.
     0 | D:1      | Reached XP level 1. HP: 9/9 MP: 5/5
   256 | D:1      | Reached skill level 5 in Stealth
   256 | D:1      | Reached XP level 2. HP: 7/13 MP: 4/6
   260 | D:1      | Learned a level 2 spell: Ensorcelled Hibernation
  1390 | D:2      | Reached XP level 3. HP: 16/16 MP: 2/8
  1600 | D:2      | Reached skill level 1 in Ice Magic
  1659 | D:2      | Learned a level 3 spell: Confuse
  1915 | D:2      | Found a hazy altar of Hepliaklqana.
  1946 | D:2      | Reached skill level 5 in Hexes
  2229 | D:2      | Found a white marble altar of Elyvilon.
  2234 | D:2      | Noticed Jessica
  2286 | D:2      | Killed Jessica
  2286 | D:2      | Reached XP level 4. HP: 12/21 MP: 0/9
  2578 | D:2      | Found an ancient bone altar of Kikubaaqudgha.
  2849 | D:2      | Became a worshipper of Kikubaaqudgha
  2935 | D:3      | Noticed Grinder
  3270 | D:3      | Found an opulent altar of Gozag.
  3441 | D:3      | Found an ornate altar of the Wu Jian Council.
  3447 | D:3      | Found a radiant altar of Vehumet.
  3460 | D:3      | Noticed Ijyb
  3467 | D:3      | Killed Ijyb
  3467 | D:3      | Reached XP level 5. HP: 24/24 MP: 10/10
  3538 | D:3      | Learned a level 3 spell: Tukima's Dance
  3667 | D:3      | Found a runed translucent door.
  3668 | D:3      | Noticed Crazy Yiuf
  3818 | D:3      | HP: 1/24 [Grinder (8)]
  3818 | D:3      | Slain by Grinder

Levels and vault maps discovered:
D:1:      psy_arrival_radial01, layout_basic, minivault_27, minmay_pentomino_z2
D:2:      layout_rooms, marbit_many_paths, lemuel_round_altar,
          minmay_misc_feat_secret_circle, elyvilon_altar_3, uniq_jessica
D:3:      layout_loops_cross, vehumet_crystals, overflow_temple_1_default,
          first_ration, grunt_gozag_breadcrumbs, uniq_ijyb,
          uniq_crazy_yiuf_cottage, uniq_grinder

Skill      XL: |  1  2  3  4 |
---------------+-------------+-----
Hexes          | 4 5 |  5.0
Stealth        | 5 |  5.9
Ice Magic      | 1 |  1.0
Short Blades   | 2 |  2.4
Dodging        | 4 |  4.2
Spellcasting   | |  2.6

Action                   |  1- 3 |  4- 6 || total
-------------------------+-------+-------++-------
Melee: Dagger            |   137 |    59 ||   196
       Short sword       |    11 |     3 ||    14
 Cast: Corona            |     5 |       ||     5
       Ensorcelled Hiber |    33 |     5 ||    38
       Confuse           |       |     3 ||     3
 Stab: Sleeping          |    22 |    11 ||    33
  Eat: Ration            |       |     1 ||     1
Armor: Robe              |    20 |     6 ||    26
Dodge: Dodged            |   137 |    38 ||   175

Table legend:
 A = Non-vault XP
 B = Vault XP
 C = Vault XP percentage of total XP
 D = Non-vault monster count
 E = Vault monster count
 F = Vault count percentage of total count
                 A         B        C        D         E       F
            +---------+---------+-------+---------+---------+-------
      Total |     153 |      77 |  33.5 |      58 |       5 |   7.9
            +---------+---------+-------+---------+---------+-------
        D:1 |      29 |       3 |   9.4 |      18 |       2 |  10.0
        D:2 |      76 |      38 |  33.3 |      28 |       2 |   6.7
        D:3 |      48 |      36 |  42.9 |      12 |       1 |   7.7
            +---------+---------+-------+---------+---------+-------
